 Dungeon Crawl Stone Soup version 0.27.1-34-g3ba077fa99 (webtiles) character file.

Game seed: 10562913880491791145

5975 iwittbrodt the Fighter (level 10, -3/74 HPs)
             Began as an Octopode Monk on Jan 15, 2022.
             Was a High Priest of Sif Muna.
             Slain by a yak (16 damage)
             ... on level 1 of the Lair of Beasts.
             The game lasted 01:09:59 (12036 turns).

iwittbrodt the Fighter (Octopode Monk)             Turns: 12036, Time: 01:09:59

Health: -3/74      AC:  1    Str: 11    XL:     10   Next: 84%
Magic:  17/17      EV: 16    Int: 15    God:    Sif Muna [*****.]
Gold:   462        SH:  0    Dex: 15    Spells: 15/19 levels left

rFire    . . .     SeeInvis +   a - +4 spear (venom)
rCold    . . .     Faith    .   (no shield)
rNeg     . . .     Spirit   .   (helmet restricted)
rPois    .         Reflect  .   n - amulet of regeneration
rElec    .         Harm     .   i - ring of wizardry
rCorr    .         Rampage  .   r - ring of see invisible
Will     .....                  (no ring)
Stlth    ++++......             (no ring)
HPRegen  1.22/turn              (no ring)
MPRegen  0.15/turn              (no ring)
                                (no ring)
                                (no ring)

@: no status effects
A: almost no armour, amphibious, 8 rings, camouflage 1, gelatinous body 1,
(nimble swimmer 1), tentacles
a: Renounce Religion, Channel Magic, Forget Spell, Divine Exegesis


You were on level 1 of the Lair of Beasts.
You worshipped Sif Muna.
Sif Muna was extremely pleased with you.
You visited 3 branches of the dungeon, and saw 10 of its levels.
You also visited: Sewer.

You collected 462 gold pieces.

Inventory:

Hand Weapons
 a - a +4 spear of venom (weapon)
 y - a +0 trident
Missiles
 d - 287 stones (quivered)
 o - 49 poisoned darts
Magical Staves
 b - a staff of cold
Jewellery
 i - a ring of wizardry (left tentacle)
 n - an amulet of regeneration (around mantle)
 r - a ring of see invisible (right tentacle)
 t - a ring of ice
 x - an amulet of the acrobat
Wands
 w - a wand of flame (16)
Scrolls
 e - 2 scrolls of identify
 m - 3 scrolls of teleportation
 v - a scroll of brand weapon
 A - 2 scrolls of holy word
 C - a scroll of torment {unknown}
Potions
 c - a potion of brilliance
 f - a potion of cancellation
 g - 2 potions of flight
 h - 2 potions of might
 j - 5 potions of attraction
 k - 2 potions of curing {unknown}
 l - a potion of heal wounds {unknown}
 q - a potion of resistance
 s - 2 potions of mutation
 u - a potion of haste {unknown}
 z - 2 potions of berserk rage
Miscellaneous
 B - a tin of tremorstones (2/2)


   Skills:
 * Level 9.4 Fighting
 + Level 7.0 Polearms
 + Level 7.0 Dodging
 - Level 3.7 Stealth
 - Level 5.0 Spellcasting
 - Level 2.6 Conjurations
 - Level 3.0 Necromancy
 + Level 2.2 Ice Magic
 - Level 2.0 Earth Magic
 + Level 5.7 Invocations


You had 15 spell levels left.
You knew the following spells:

 Your Spells              Type           Power      Damage    Failure   Level
a - Animate Skeleton      Necr           24%        N/A       1%          1
b - Pain                  Necr           48%        1d6       1%          1
c - Passwall              Tmut/Erth      5%         N/A       6%          2

Your spell library contained the following spells:

 Spells                   Type           Power      Damage    Failure   Level
 Sandblast                Erth           18%        2d7       2%          1
 Vampiric Draining        Necr           6%         2d6       6%          3
 Dazzling Flash           Conj/Hex       14%        N/A       12%         3
 Iskenderun's Mystic Bla  Conj/Tloc      7%         2d4       34%         4
 Lee's Rapid Deconstruct  Erth           4%         3d6*      58%         5
 Starburst                Conj/Fire      3%         6d3       99%         6
 Borgnjor's Revivificati  Necr           6%         N/A       100%        8
 Necromutation            Tmut/Necr      4%         N/A       100%        8
 Death's Door             Necr           6%         N/A       100%        9


Dungeon Overview and Level Annotations

Branches:
Dungeon (8/15)             Temple (1/1) D:7            Lair (1/6) D:8
  Sewer (visited)

Altars:
Ashenzari
Cheibriados
Dithmenos
Elyvilon
Fedhas
Gozag
Hepliaklqana
Kikubaaqudgha
Makhleb
Nemelex Xobeh
Okawaru
Qazlal
Ru
Sif Muna
Trog
Uskayaw
Vehumet
Wu Jian
Xom
Yredelemnul
Zin
The Shining One

Annotations:
D:6 exclusion: steam dragon


Innate Abilities, Weirdness & Mutations

You cannot wear most types of armour.
You are amphibious.
You can wear up to eight rings at the same time.
Your skin changes colour to match your surroundings (Stealth+).
Your rubbery body absorbs attacks. (AC +1, EV +1)
((You are camouflaged near water. (Stealth+)))
You have tentacles for arms and can constrict up to eight enemies at once.


Message History

You kill the yak!
Sif Muna accepts your kill. The yak barely misses you.
Your Polearms skill increases to level 7!
You hit the yak.
The yak is poisoned.
The yak is lightly wounded.
The yak gores you.
You are too injured to fight recklessly!
You are too injured to fight recklessly!
You are too injured to fight recklessly!
You hit the yak. Your squeeze misses the yak.
The yak is moderately wounded.
The yak gores you!
You puncture the yak!
The yak looks as sick as possible!
The yak is heavily wounded.
The yak gores you!
* * * LOW HITPOINT WARNING * * *
The yak completely misses you.
You hit the yak.
The yak looks as sick as possible!
The yak is heavily wounded.
The yak closely misses you.
You hit the yak. Your squeeze misses the yak.
The yak is heavily wounded.
The yak barely misses you. The yak misses you.
You barely miss the yak.
The yak is severely wounded.
The yak gores you.
* * * LOW HITPOINT WARNING * * *
You hit the yak.
The yak looks as sick as possible!
The yak is almost dead.
The yak completely misses you. The yak gores you!
* * * LOW HITPOINT WARNING * * *
The yak closely misses you. The yak completely misses you.
You climb downwards.
Welcome back to the Lair of Beasts!
The yak barely misses you. The yak misses you.
There is a staircase back to the Dungeon, spattered with blood here.
You kill the yak!
Sif Muna accepts your kill. The yak gores you!
You die...

......................#
#..##...######.#..#Y..#
#... ######...# #...
#....#
##...###########...#
F..................##
....................#
............Y......##
.............@Y.....#
....................#
............)......##
...................#
...................#
...................#
................#
#P#####.#####.### ##
### ##


You could see 2 yaks.

Vanquished Creatures
  2 komodo dragons (Lair:1)
  Grinder (D:4)
  3 wyverns
  9 yaks
  A water moccasin (Lair:1)
  2 ice beasts (D:6)
  4 orc warriors
  3 ogres
  3 phantoms (D:5)
  7 bullfrogs
  A gnoll sergeant (D:8)
  3 scorpions
  A wyvern zombie (D:8)
  2 vampire bats (D:6)
  2 howler monkeys
  2 centaur zombies (D:7)
  A bullfrog zombie (D:6)
  A jelly (D:8)
  A bullfrog skeleton (D:6)
  6 hounds
  5 orc priests
  Ijyb (D:5)
  2 iguanas
  8 orc wizards
  A mummy (D:8)
  2 hound skeletons
  A howler monkey skeleton (D:6)
  5 gnolls (D:8)
  7 adders
  A river rat (D:6)
  A white imp (D:6)
  2 ufetubi
  An adder zombie (D:5)
  7 worms
  3 dart slugs
  37 orcs
  14 endoplasms
  17 giant cockroaches
  2 goblins
  12 hobgoblins
  8 jackals (D:1)
  12 quokkas
  13 ball pythons
  13 bats
  20 frilled lizards
  5 kobolds
  9 rats
264 creatures vanquished.

Vanquished Creatures (collateral kills)
  A cane toad (Lair:1)
  An orc (D:7)
  A ball python (Sewer)
  3 endoplasms (Sewer)
  A quokka (Sewer)
  A frilled lizard (Sewer)
8 creatures vanquished.

Vanquished Creatures (others)
  3 fungi (Lair:1)
  9 plants
12 creatures vanquished.

Grand Total: 284 creatures vanquished

Notes
Turn   | Place    | Note
-------+----------+-------------------------------------------
     0 | D:1      | iwittbrodt the Octopode Monk began the quest for the Orb.
     0 | D:1      | Reached XP level 1. HP: 16/16 MP: 1/1
   290 | D:1      | Reached XP level 2. HP: 21/21 MP: 2/2
   971 | D:1      | Reached XP level 3. HP: 26/26 MP: 3/3
  1725 | D:2      | Reached XP level 4. HP: 27/33 MP: 4/4
  2197 | D:3      | Reached skill level 4 in Fighting
  2914 | D:4      | Noticed Grinder
  3029 | D:4      | Learned a level 1 spell: Animate Skeleton
  3031 | D:4      | Learned a level 1 spell: Pain
  3640 | D:4      | Found a sparkling altar of Nemelex Xobeh.
  3651 | D:4      | Reached XP level 5. HP: 32/37 MP: 5/5
  3909 | D:4      | Noticed an ogre
  4306 | D:4      | Killed Grinder
  4307 | D:4      | Reached skill level 1 in Spellcasting
  4307 | D:4      | Reached skill level 1 in Necromancy
  4307 | D:4      | Reached XP level 6. HP: 40/45 MP: 5/7
  4404 | D:4      | Reached skill level 5 in Fighting
  4516 | D:4      | Reached XP level 7. HP: 50/50 MP: 9/9
  4715 | D:5      | Entered Level 5 of the Dungeon
  4767 | D:5      | Found a shimmering altar of Xom.
  4767 | D:5      | Found a basalt altar of Yredelemnul.
  4786 | D:5      | Found a shimmering blue altar of Sif Muna.
  4800 | D:5      | Became a worshipper of Sif Muna the Loreminder
  4800 | D:5      | Reached * piety under Sif Muna
  4800 | D:5      | Reached ** piety under Sif Muna
  5303 | D:5      | Reached skill level 1 in Invocations
  6028 | D:5      | Noticed Ijyb
  6095 | D:5      | Killed Ijyb
  6096 | D:5      | Reached XP level 8. HP: 43/57 MP: 7/11
  6234 | D:5      | Reached skill level 6 in Fighting
  6579 | D:6      | Found a glowing golden altar of the Shining One.
  6817 | D:6      | Found a glowing drain.
  6825 | Sewer    | Entered a sewer
  6964 | Sewer    | Reached *** piety under Sif Muna
  7095 | Sewer    | Reached skill level 5 in Dodging
  7170 | Sewer    | Reached skill level 5 in Polearms
  7261 | Sewer    | Reached **** piety under Sif Muna
  7785 | D:6      | Reached skill level 7 in Fighting
  7867 | D:6      | Reached XP level 9. HP: 64/64 MP: 6/13
  7935 | D:6      | Found a bloodstained altar of Trog.
  8008 | D:6      | Found an opulent altar of Gozag.
  8671 | D:7      | Found a staircase to the Ecumenical Temple.
  8703 | Temple   | Entered the Ecumenical Temple
  9334 | D:7      | Reached skill level 1 in Conjurations
  9659 | D:7      | Reached skill level 8 in Fighting
 10348 | D:8      | Reached XP level 10. HP: 66/73 MP: 16/16
 10449 | D:8      | Reached ***** piety under Sif Muna
 10492 | D:8      | Learned a level 2 spell: Passwall
 10500 | D:8      | Received a gift from Sif Muna
 10512 | D:8      | Reached skill level 5 in Invocations
 10521 | D:8      | Found a broken altar of Ashenzari.
 10521 | D:8      | Found a sacrificial altar of Ru.
 11031 | D:8      | Reached skill level 1 in Earth Magic
 11134 | D:8      | Found a staircase to the Lair.
 11371 | Lair:1   | Entered Level 1 of the Lair of Beasts
 11389 | Lair:1   | Noticed a cane toad
 11481 | Lair:1   | Reached skill level 1 in Ice Magic
 11520 | Lair:1   | Reached skill level 9 in Fighting
 11745 | Lair:1   | Reached skill level 5 in Spellcasting
 11775 | Lair:1   | Noticed a cane toad
 11804 | Lair:1   | Killed a cane toad
 12036 | Lair:1   | Slain by a yak

Illustrated notes

Levels and vault maps discovered:
D:1:      amcnicky_arrival_wind_blow, layout_rooms
D:2:      layout_rooms, minmay_misc_feat_four_crosses
D:3:      layout_basic
D:4:      layout_loops_ring, nemelex_diamond_rough_becter,
          nicolae_underground_beach, uniq_grinder
D:5:      layout_cave_pods, gammafunk_temple_overflow_forgotten,
          minmay_lizard_king, uniq_ijyb
D:6:      layout_gridville, mainiacjoe_overflow_chevrons,
          trog_three_pillars_becter, tso_metal_star, portal_sewer_entry_e,
          roderic_batcave, minivault_23, corexii_hall_statues_i
D:7:      layout_gridville, minmay_temple_entry_offerings, chequers_avenue
D:8:      layout_loops_ring, gammafunk_temple_overflow_statue, lair_entry_dummy,
          gup_ossuary_entry_pyramid
Temple:   nicolae_temple_figure_eight
Lair:1:   layout_long_grid, serial_bayou_shore_a, grunt_megastairs_4

Skill      XL: |  1  2  3  4  5  6  7  8  9 10 |
---------------+-------------------------------+-----
Stealth        | 3 |  3.7
Fighting       | 4 5 7 8 9 |  9.4
Polearms       | 4 5 6 7 |  7.0
Dodging        | 4 5 6 7 |  7.0
Spellcasting   | 1 2 3 4 5 |  5.0
Necromancy     | 1 2 3 |  3.0
Invocations    | 1 3 4 5 |  5.7
Conjurations   | 2 |  2.6
Earth Magic    | 2 |  2.0
Ice Magic      | 2 |  2.2

Action                   |  1- 3 |  4- 6 |  7- 9 | 10-12 || total
-------------------------+-------+-------+-------+-------++-------
Melee: Spear             |   111 |   150 |   403 |   145 ||   809
       Constrict         |    25 |    19 |    53 |    21 ||   118
       Tentacles         |    16 |    13 |    73 |    25 ||   127
Throw: Stone             |    23 |    16 |    18 |     9 ||    66
 Cast: Pain              |       |     6 |   110 |    34 ||   150
       Animate Skeleton  |       |     4 |    24 |     2 ||    30
  Use: Scroll            |       |     3 |    16 |     1 ||    20
 Stab: Sleeping          |     4 |     7 |     7 |       ||    18
Armor: Skin              |     8 |     3 |    13 |     3 ||    27
Dodge: Dodged            |    40 |    40 |   211 |    84 ||   375
